 Dungeon Crawl Stone Soup version 0.28.0-62-gf88900778d (webtiles) character file.

Game seed: 7017547325628387150

4251 mopl the Quickloader (level 10, -18/86 HPs)
             Began as a Hill Orc Hunter on Dec 20, 2023.
             Was a Believer of Okawaru.
             Demolished by an orc knight
             ... wielding a +0 halberd
              (19 damage)
             ... in a bailey on Dec 21, 2023.
             The game lasted 00:13:14 (10510 turns).

mopl the Quickloader (Hill Orc Hunter)             Turns: 10510, Time: 00:13:15

Health: -18/86     AC: 19    Str: 20    XL:     10   Next: 31%
Magic:  22/22      EV:  9    Int: 11    God:    Okawaru [**....]
Gold:   28         SH:  0    Dex: 11    Spells: 9/9 levels left

rFire   . . .      SeeInvis .   a - +1 hand crossbow
rCold   . . .      Faith    .   (no shield)
rNeg    . . .      Spirit   .   F - +0 plate armour
rPois   .          Reflect  .   (no helmet)
rElec   .          Harm     .   (no cloak)
rCorr   .          Rampage  .   (no gloves)
Will    .....                   (no boots)
Stlth   ..........              f - amulet of the acrobat
HPRegen 0.24/turn               j - +4 ring of protection
MPRegen 0.18/turn               G - ring of magical power

@: heroic
A: no striking features
a: Renounce Religion, Heroism


You were in a bailey.
You worshipped Okawaru.
Okawaru was pleased with you.
You visited 2 branches of the dungeon, and saw 9 of its levels.
You also visited: Sewer and Bailey.

You collected 475 gold pieces.
You spent 447 gold pieces at shops.

Inventory:

Hand Weapons
 a - a +1 hand crossbow (weapon)
 b - the +9 hand axe "Paelel" {chaos, Dex+3}
   (You found it on level 4 of the Dungeon)

   Each time it hits an enemy it has a different, random effect.
   Dex:       It affects your dexterity (+3).
 i - a +4 morningstar of freezing
 y - a +0 broad axe
 E - a +0 quarterstaff
Missiles
 d - 60 bolts (quivered ammo)
 r - 6 poisoned darts
 B - 5 curare-tipped darts
Armour
 x - a +2 robe of fire resistance
 F - a +0 plate armour (worn)
 J - a +2 ring mail of willpower
Jewellery
 f - an amulet of the acrobat (around neck)
 j - a +4 ring of protection (left hand)
 D - a ring of ice
 G - a ring of magical power (right hand)
Wands
 w - a wand of acid (1)
 I - a wand of flame (15)
Scrolls
 c - 2 scrolls of summoning {unknown}
 g - 13 scrolls of identify
 k - 4 scrolls of teleportation
 l - 2 scrolls of fear {unknown}
 m - a scroll of fog {unknown}
 n - 3 scrolls of amnesia {unknown}
 o - 2 scrolls of brand weapon {unknown}
 q - 2 scrolls of blinking {unknown}
 t - 3 scrolls of noise {unknown}
 v - 2 scrolls of enchant armour
 A - 3 scrolls of magic mapping
 K - a scroll of immolation
Potions
 e - 2 potions of curing {unknown}
 h - a potion of invisibility {unknown}
 p - 3 potions of lignification {!q}
 u - 2 potions of cancellation {unknown}
 C - a potion of flight {unknown}
 H - a potion of resistance {unknown}
Miscellaneous
 s - a lightning rod (inert)


   Skills:
 + Level 7.4(12.4) Fighting
 + Level 2.2(7.2) Axes
 * Level 8.7(13.7) Crossbows
 + Level 6.1(11.1) Armour
 + Level 4.9(9.9) Dodging
 - Level 0.7(5.7) Stealth
 + Level 4.1 Invocations
 - Level 5.0 Evocations


You had 9 spell levels left.
You didn't know any spells.
Your spell library contained the following spells:

 Spells                   Type           Power      Damage    Failure   Level
 Sublimation of Blood     Necr           0%         N/A       100%        2
 Wereblood                Tmut           0%         N/A       100%        2
 Confusing Touch          Hex            0%         N/A       100%        3
 Ignite Poison            Fire/Tmut/Pois 0%         N/A       100%        3
 Mephitic Cloud           Conj/Pois/Air  0%         N/A       100%        3
 Fireball                 Conj/Fire      0%         3d3       100%        5
 Freezing Cloud           Conj/Ice/Air   0%         6-21      100%        5
 Iskenderun's Battlesphe  Conj           0%         2d6       100%        5
 Yara's Violent Unravell  Hex/Tmut       0%         3d3       100%        5
 Conjure Ball Lightning   Conj/Air       0%         3x3d6     100%        6
 Enfeeble                 Hex            0%         N/A       100%        7
 Orb of Destruction       Conj           0%         9d5       100%        7
 Summon Hydra             Summ           Unusable   N/A       N/A         7

Dungeon Overview and Level Annotations

Branches:
Dungeon (8/15)             Temple (1/1) D:6           Sewer (visited)
 Bailey (1/1)
   Lair: D:8-11

Altars:
Ashenzari
Fedhas
Kikubaaqudgha
Nemelex Xobeh
Okawaru
Qazlal
Ru
Uskayaw
Wu Jian

Shops:
D:7 ?*(!?

Annotations:
D:4 3 runed translucent doors, gaukoo's ghost, amateur DjFE


Message History

The orc knight is moderately wounded.
The orc knight barely misses you.
The orc warrior hits you from afar with a +0 spear!
* * * LOW HITPOINT WARNING * * *
Unknown command.
You feel much better.
The orc knight hits you from afar with a +0 halberd!
* * * LOW HITPOINT WARNING * * *
The orc warrior hits you from afar with a +0 spear.
* * * LOW HITPOINT WARNING * * *
Aiming: Thunderbolt
Press: ? - help, Shift-Dir - straight line, f - orc knight
Aim: an orc knight, wielding a +0 halberd and wearing a +0 ring mail (moderately wounded)
The thunderbolt hits the orc knight!
The orc knight is heavily wounded.
The lightning rod overheats!
The orc knight barely misses you. The orc warrior closely misses you.
Unknown command.
The lightning rod is presently inert.
The orc knight closely misses you. The orc warrior misses you.
Okay, then.
Unknown command.
Unknown command.
Aiming: Corrosive Bolt
Press: ? - help, Shift-Dir - straight line, f - orc warrior, p - orc knight
Aim: an orc warrior, wielding a +0 spear and wearing a +0 chain mail (strong, 71% to hit)
The bolt of acid misses the orc knight.
The bolt of acid hits the orc warrior!
The orc warrior is heavily wounded.
The orc knight hits you from afar with a +0 halberd!!
* * * LOW HITPOINT WARNING * * *
Unknown command.
Aiming: Corrosive Bolt
Press: ? - help, Shift-Dir - straight line, f/p - orc warrior
Aim: an orc warrior, wielding a +0 spear and wearing a +0 chain mail (heavily wounded, strong, 71% to hit)
The bolt of acid hits the orc knight!
The acid corrodes the orc knight!
The orc knight is severely wounded.
The bolt of acid hits the orc warrior!
The acid corrodes the orc warrior!
The orc warrior is almost dead.
The orc knight hits you from afar with a +0 halberd!!
You die...

#. #....≈≈≈≈..♣......♣♣
#8.#...######.........♣
#..#...............∩..♣
#..'......).....).)...♣
#..'.(..((.o....).)...♣
#..#.......o.(..)))∩..♣
#8 #...######o........♣
# #....≈≈≈≈.........♣♣
##.♣.≈≈≈≈@.♣....♣♣♣
#...≈≈≈≈.....###
#..♣≈≈≈≈..♣.##
###..♣≈≈≈≈≈...#
#....♣♣≈≈≈≈≈.♣#
##..♣♣♣≈≈≈≈≈♣♣ ####
#######


You could see an orc knight (corroded).

Vanquished Creatures
  Joseph (D:7)
  Psyche (D:8)
  A hornet (D:5)
  Sigmund (D:3)
  A wyvern (D:5)
  6 yaks (D:6)
  A water moccasin (D:7)
  3 orc warriors
  A black bear (D:7)
  An ogre (D:3)
  A necrophage (D:4)
  3 bullfrogs
  2 scorpions
  A water moccasin skeleton (D:4)
  8 wights
  2 howler monkeys
  A bullfrog zombie (D:5)
  2 centaur zombies (D:7)
  An orc priest (D:7)
  A gnoll shaman (D:4)
  3 hounds
  Natasha (thrice) (D:3)
  3 iguanas
  4 orc wizards
  2 killer bee zombies (D:7)
  9 adders
  5 gnolls (D:4)
  A howler monkey skeleton (D:2)
  6 worms
  A dart slug (D:1)
  39 orcs
  12 ball pythons
  10 bats
  6 endoplasms
  9 giant cockroaches
  12 goblins
  9 hobgoblins
  11 kobolds
  9 quokkas
  20 frilled lizards
  3 rats
216 creatures vanquished.

Vanquished Creatures (others)
  2 fungi (D:2)
  4 plants (D:2)
6 creatures vanquished.

Grand Total: 222 creatures vanquished

Notes
Turn   | Place    | Note
-------+----------+-------------------------------------------
     0 | D:1      | mopl the Hill Orc Hunter began the quest for the Orb.
     0 | D:1      | Reached XP level 1. HP: 18/18 MP: 1/1
   478 | D:1      | Reached XP level 2. HP: 25/25 MP: 2/2
   516 | D:1      | Reached skill level 4 in Crossbows
   778 | D:1      | Reached skill level 3 in Fighting
   800 | D:1      | Reached XP level 3. HP: 9/31 MP: 3/3
  2056 | D:2      | Reached skill level 1 in Armour
  2056 | D:2      | Reached XP level 4. HP: 36/38 MP: 4/4
  2351 | D:2      | Found a faded altar of an unknown god.
  2820 | D:2      | Reached skill level 2 in Dodging
  3185 | D:3      | Found a glowing drain.
  3200 | D:3      | Reached XP level 5. HP: 40/45 MP: 5/5
  3250 | Sewer    | Entered a sewer
  3686 | Sewer    | Reached skill level 4 in Fighting
  3686 | Sewer    | Reached skill level 5 in Crossbows
  3686 | Sewer    | Reached skill level 2 in Armour
  3686 | Sewer    | Reached XP level 6. HP: 26/52 MP: 6/6
  4776 | D:3      | Noticed Sigmund
  4787 | D:3      | Killed Sigmund
  4788 | D:3      | Reached skill level 1 in Evocations
  4788 | D:3      | Reached XP level 7. HP: 60/60 MP: 7/7
  4885 | D:3      | Noticed Natasha
  4892 | D:3      | Killed Natasha
  4914 | D:3      | Noticed Natasha
  4920 | D:3      | Reached skill level 3 in Armour
  4920 | D:3      | Killed Natasha
  5076 | D:3      | You fall into a shaft and drop 2 floors!
  5076 | D:5      | Entered Level 5 of the Dungeon
  5098 | D:5      | Reached skill level 3 in Dodging
  5232 | D:5      | Reached skill level 6 in Crossbows
  5297 | D:5      | Noticed a hornet
  5301 | D:5      | Killed a hornet
  5302 | D:5      | Reached skill level 5 in Fighting
  5302 | D:5      | Reached skill level 2 in Evocations
  5302 | D:5      | Reached XP level 8. HP: 68/68 MP: 8/8
  5556 | D:3      | Noticed Natasha
  5571 | D:3      | Killed Natasha
  6139 | D:4      | Identified the +9 hand axe "Paelel" {chaos, Dex+3}
  6218 | D:4      | Reached skill level 4 in Armour
  6286 | D:4      | Found a runed translucent gate.
  6286 | D:4      | Found a runed translucent gate.
  6286 | D:4      | Found a runed translucent gate.
  6287 | D:4      | Noticed gaukoo's ghost (amateur DjFE)
  6681 | D:4      | Reached skill level 3 in Evocations
  7114 | D:5      | Reached skill level 7 in Crossbows
  7478 | D:6      | Noticed a wyvern
  7641 | D:5      | Killed a wyvern
  7642 | D:5      | Reached skill level 6 in Fighting
  7919 | D:5      | Reached XP level 9. HP: 52/75 MP: 9/9
  8034 | D:6      | Reached skill level 4 in Dodging
  8109 | D:6      | Found a staircase to the Ecumenical Temple.
  8117 | Temple   | Entered the Ecumenical Temple
  8180 | Temple   | Became a worshipper of Warmaster Okawaru
  8269 | D:6      | Reached skill level 1 in Invocations
  8270 | D:6      | Reached skill level 5 in Armour
  8270 | D:6      | Reached skill level 2 in Invocations
  8270 | D:6      | Reached skill level 4 in Evocations
  8750 | D:7      | Reached skill level 8 in Crossbows
  8806 | D:7      | Found Siomid's Weapon Shoppe.
  8868 | D:7      | Noticed Joseph
  8882 | D:7      | Killed Joseph
  8882 | D:7      | Reached * piety under Okawaru
  8883 | D:7      | Reached skill level 3 in Invocations
  9098 | D:7      | Found Koevoihu's Distillery.
  9102 | D:7      | Found Zanegushre's Magic Scroll Boutique.
  9104 | D:7      | Bought a potion of heal wounds for 60 gold pieces
  9104 | D:7      | Bought a potion of attraction for 36 gold pieces
  9104 | D:7      | Bought a potion of degeneration for 12 gold pieces
  9104 | D:7      | Bought a potion of lignification for 36 gold pieces
  9110 | D:7      | Bought a scroll of identify for 26 gold pieces
  9110 | D:7      | Bought a scroll of teleportation for 39 gold pieces
  9110 | D:7      | Bought a scroll of magic mapping for 45 gold pieces
  9110 | D:7      | Bought a scroll of immolation for 45 gold pieces
  9110 | D:7      | Bought a scroll of enchant armour for 97 gold pieces
  9110 | D:7      | Bought a scroll of identify for 26 gold pieces
  9132 | D:7      | Reached skill level 7 in Fighting
  9339 | D:7      | Reached skill level 1 in Axes
  9339 | D:7      | Reached XP level 10. HP: 84/86 MP: 12/12
  9414 | D:7      | Reached ** piety under Okawaru
  9478 | D:7      | Found Kurunn's Magic Scroll Emporium.
  9723 | D:7      | Found Plog's Assorted Antiques.
  9730 | D:7      | Bought a scroll labelled FEGUN XIRE for 25 gold pieces
  9767 | D:7      | Reached skill level 6 in Armour
  9968 | D:8      | Noticed Psyche
  9984 | D:8      | Killed Psyche
  9985 | D:8      | Reached skill level 2 in Axes
  9985 | D:8      | Reached skill level 4 in Invocations
  9990 | D:8      | Found a flagged portal.
 10021 | Bailey   | Entered a bailey
 10471 | Bailey   | Reached skill level 5 in Evocations
 10491 | Bailey   | Noticed an orc knight
 10509 | Bailey   | HP: 1/86 [orc knight/+0 halberd (18)]
 10510 | Bailey   | Demolished by an orc knight

Illustrated notes

Levels and vault maps discovered:
D:1:      erik_arrival_cave_to_civilisation [erik_arrival_cave_to_hall],
          layout_rooms, chequers_serial_rivers_large_a, minmay_misc_feat_iff,
          hangedman_glass_teeth, lemuel_another_geyser
D:2:      minmay_diamond_boxcup, layout_loops_ring,
          dreamdust_ecumenical_altar_hidden_monk_grotto
D:3:      layout_loops_corners, cheibrodos_sewer_entry_drain, uniq_natasha,
          uniq_sigmund
D:4:      kennysheep_big_flooded_room, layout_cave_pods,
          gammafunk_ghost_necromancy
D:5:      layout_basic
D:6:      layout_rooms, minmay_temple_entry_junction_2,
          nicolae_underground_beach
D:7:      layout_loops_corners, serial_shops, shop_statue,
          nicolae_stop_n_shop_2, nicolae_shop_bloodbath_and_beyond,
          nicolae_shop_behind_doors, shop, st_stairs_9, columned_hall_lemuel,
          uniq_joseph
D:8:      layout_loops_ring, makhleb_grotto_becter, enter_bailey_5,
          minivault_25, minmay_manual_mares, uniq_psyche, uniq_pikel
Temple:   mainiacjoe_temple_circle_huts
Bailey:   bailey_polearm_elven_captive_hellmonk, bailey

Skill      XL: |  1  2  3  4  5  6  7  8  9 10 |
---------------+-------------------------------+-----
Crossbows      | 4 5 6 7 8 |  8.7
Fighting       | 3 4 5 6 7 |  7.4
Armour         | 1 2 3 4 5 6 |  6.1
Dodging        | 2 3 4 |  4.9
Evocations     | 1 2 3 4 5 |  5.0
Invocations    | 3 4 |  4.1
Axes           | 1 2 |  2.2
Stealth        | |  0.7

Action                   |  1- 3 |  4- 6 |  7- 9 | 10-12 || total
-------------------------+-------+-------+-------+-------++-------
Melee: Short sword       |   189 |   230 |       |       ||   419
       Punch             |       |     3 |     2 |     5 ||    10
       Quarterstaff      |       |    15 |   120 |       ||   135
       Hand axe          |       |       |   161 |    95 ||   256
 Fire: Hand crossbow     |       |    22 |    10 |     4 ||    36
Throw: Dart              |       |       |     4 |       ||     4
Invok: Heroism           |       |       |       |     3 ||     3
Evoke: Lightning rod     |       |       |     5 |     3 ||     8
       Wand              |       |       |     1 |     3 ||     4
  Use: Potion            |       |       |       |     3 ||     3
 Stab: Invisible         |       |       |       |     1 ||     1
Armor: Leather armour    |     8 |       |       |       ||     8
       Scale mail        |    81 |   140 |   150 |       ||   371
       Plate armour      |       |       |     5 |    51 ||    56
Dodge: Dodged            |   167 |   172 |   201 |    65 ||   605
